Penguins vs Canucks
Created - January 17, 2023 at 20:19
Goals
|
| Penguins |
1 |
1 |
0 |
2 |
| Canucks |
1 |
1 |
1 |
3 |
|
Shots
|
| Penguins |
6 |
6 |
8 |
20 |
| Canucks |
10 |
1 |
12 |
23 |
|
1st period
1. Penguins , Joe Colborne 2 (Steven Stamkos 31, Brandon Tanev 5) at 8:16
2. Canucks , Josh Bailey 7 (Kyle Clifford 20) at 19:47 (PP)
Penalties :
Joe Colborne (Pit) for Hooking (Minor) at 5:53, Tyler Myers (Van) for Slashing (Minor) at 9:24, Derek Stepan (Pit) for Roughing (Minor) at 18:44
2nd period
3. Canucks , Drew Doughty 6 (Robert Nilsson 22, Hampus Lindholm 17) at 0:08
4. Penguins , Steven Stamkos 18 (Derek Stepan 16) at 17:15
Penalties :
Ben Lovejoy (Van) for Roughing (Minor) at 7:10, Andy Andreoff (Pit) for Hooking (Minor) at 10:16, Derick Brassard (Van) for Tripping (Minor) at 17:39
3rd period
5. Canucks , Derick Brassard 15 (Brandon Sutter 5) at 11:27 (PP)
Penalties :
Derek Stepan (Pit) for Roughing (Minor) at 11:25, Maxim Talbot (Van) for Roughing (Minor) at 15:15
Goalie Stats
Andrei Vasilevskiy (Pit), 20 saves from 23 shots - (0.870), L, 11-8-1, 59:18 minutes
Alexandar Georgiev (Van), 18 saves from 20 shots - (0.900), W, 12-14-2, 60:00 minutes
Players Stats for Penguins
Player Name G A P +/- PIM S H SB GA TA FO MP PP MP PK MP
------------------------------------------------------------------------------------
Andy Andreoff 0 0 0 0 2 0 1 0 0 0 0/0 9:46 0:20 0:17
Brandon Tanev 0 1 1 1 0 0 1 0 1 1 0/0 10:42 0:00 1:33
Cal Clutterbuck 0 0 0 -1 0 0 2 0 0 0 0/1 15:10 0:19 2:37
Derek Stepan 0 1 1 -1 4 1 2 0 1 0 3/9 17:01 3:49 1:15
Jamie Arniel 0 0 0 0 0 1 1 1 0 0 2/4 12:08 0:04 2:38
Jamie Benn 0 0 0 -1 0 1 2 0 0 0 0/1 16:27 3:49 0:36
Joe Colborne 1 0 1 1 2 3 3 0 0 1 0/2 10:07 0:00 0:59
Justin Schultz 0 0 0 0 0 0 0 2 0 0 0/0 17:34 0:29 1:56
Keith Aulie 0 0 0 2 0 0 0 1 0 0 0/0 21:12 4:05 3:07
Marcus Foligno 0 0 0 0 0 0 0 2 0 0 0/0 12:46 3:49 0:00
Mats Zuccarello 0 0 0 0 0 1 1 0 0 0 0/0 8:45 0:00 0:00
Nick Leddy 0 0 0 -1 0 0 2 1 0 0 0/0 21:14 3:22 0:00
Nikita Kucherov 0 0 0 1 0 2 4 2 0 1 3/4 20:24 3:48 0:00
Oliver Ekman-Larsson 0 0 0 0 0 4 2 2 0 2 0/0 25:31 3:22 3:07
Oscar Klefbom 0 0 0 1 0 1 1 0 0 0 0/0 17:08 4:05 0:00
Robert Hagg 0 0 0 0 0 0 1 2 1 1 0/0 17:21 0:29 1:56
Steven Stamkos 1 1 2 2 0 6 2 1 0 0 2/7 21:14 4:03 0:11
William Nylander 0 0 0 1 0 0 2 2 0 0 1/2 20:23 3:47 0:00
Players Stats for Canucks
Player Name G A P +/- PIM S H SB GA TA FO MP PP MP PK MP
------------------------------------------------------------------------------------
Ben Lovejoy 0 0 0 -1 2 1 0 0 0 2 0/0 12:31 0:00 0:00
Brandon Burlon 0 0 0 0 0 0 1 0 0 0 0/0 5:44 2:04 0:26
Brandon Sutter 0 1 1 0 0 3 1 0 0 0 8/9 19:21 2:53 2:37
Daniel Carcillo 0 0 0 -1 0 0 0 0 0 0 0/0 9:30 0:00 2:19
Derick Brassard 1 0 1 0 2 1 2 0 0 0 0/0 18:34 2:53 2:12
Drew Doughty 1 0 1 1 0 1 3 1 3 0 0/0 26:32 2:59 4:43
Gilbert Brule 0 0 0 -1 0 1 0 1 1 0 1/1 16:34 0:11 0:07
Hampus Lindholm 0 1 1 1 0 3 1 2 0 0 0/0 22:52 2:59 3:13
Josh Bailey 1 0 1 0 0 1 1 0 1 0 0/0 11:46 0:13 0:00
Josh Gorges 0 0 0 -1 0 0 0 0 0 0 0/0 12:08 0:00 0:42
Jujhar Khaira 0 0 0 0 0 2 0 0 1 1 0/0 13:47 0:13 0:23
Kyle Clifford 0 1 1 0 0 3 0 0 0 0 3/5 20:59 1:59 4:04
Marcus Johansson 0 0 0 0 0 2 0 1 0 0 0/0 18:05 1:57 0:00
Maxim Talbot 0 0 0 -1 2 0 0 0 0 0 1/1 5:32 0:00 0:00
Michael Kostka 0 0 0 -1 0 2 1 0 0 0 0/0 21:01 2:04 3:13
Robert Nilsson 0 1 1 0 0 2 0 1 0 0 6/14 21:07 1:57 4:10
Sam Gagner 0 0 0 0 0 0 2 0 0 0 0/0 16:38 2:53 0:00
Tyler Myers 0 0 0 -1 2 1 0 1 0 0 0/0 19:19 0:00 3:35
3 Stars
1 - Steven Stamkos (Pit)
2 - Drew Doughty (Van)
3 - Josh Bailey (Van)
Power Play
Penguins - 0 on 4 Attempt(s) - 0.00%
Canucks - 2 on 4 Attempt(s) - 50.00%
Penalty Kill
Penguins - 2 on 4 Attempt(s) - 50.00%
- Score 0 goal in Penalty Kill
Canucks - 4 on 4 Attempt(s) - 100.00%
- Score 0 goal in Penalty Kill
Team Stat
Penguins - Hits : 27 - Faceoff Wins : 11 - Blocked Shots : 16 - Penalty Minutes : 8
Canucks - Hits : 12 - Faceoff Wins : 19 - Blocked Shots : 7 - Penalty Minutes : 8
Official
Referees : Pierre Lambert and Eric Furlatt
Linesman : Ryan Gibbons and Kiel Murchison
Game Notes
No Game Note
Finance
Level 1 -- Attendance: 5692 (94.87%) -- Ticket Income $569,200
Level 2 -- Attendance: 4991 (99.82%) -- Ticket Income $299,460
Level 3 -- Attendance: 1910 (95.50%) -- Ticket Income $66,850
Level 4 -- Attendance: 3613 (90.33%) -- Ticket Income $90,325
Luxury Box -- Attendance: 1000 (100.00%) -- Ticket Income $200,000
Game was played at the Rodgers Arena.
Total Attendance: 17206 (95.59%)
Total Ticket Income: $1,225,835
Other Income: $183,875
Total Income: $1,409,710
Penguins
5 vs 5 Forward
Center Left Wing Right Wing Time % Phy DF OF
1 Steven Stamkos William Nylander Nikita Kucherov 40 1 2 2
2 Derek Stepan Jamie Benn Cal Clutterbuck 30 1 2 2
3 Jamie Arniel Brandon Tanev Marcus Foligno 20 1 2 2
4 Joe Colborne Andy Andreoff Mats Zuccarello 10 1 2 2
5 vs 5 Defense
Defense Defense Time % Phy DF OF
1 Oliver Ekman-Larsson Nick Leddy 40 1 2 2
2 Keith Aulie Oscar Klefbom 30 1 2 2
3 Justin Schultz Robert Hagg 20 1 2 2
4 Oliver Ekman-Larsson Keith Aulie 10 1 2 2
PowerPlay Forward
Center Left Wing Right Wing Time % Phy DF OF
1 Steven Stamkos William Nylander Nikita Kucherov 60 1 0 4
2 Derek Stepan Jamie Benn Marcus Foligno 40 1 0 4
PowerPlay Defense
Defense Defense Time % Phy DF OF
1 Oliver Ekman-Larsson Nick Leddy 60 1 1 3
2 Oscar Klefbom Keith Aulie 40 1 1 3
Penalty Kill 4 Players Forward
Center Wing Time % Phy DF OF
1 Jamie Arniel Cal Clutterbuck 60 1 4 0
2 Joe Colborne Brandon Tanev 40 1 4 0
Penalty Kill 4 Players Defense
Defense Defense Time % Phy DF OF
1 Oliver Ekman-Larsson Keith Aulie 60 1 4 0
2 Robert Hagg Justin Schultz 40 1 4 0
Penalty Kill - 3 Players Forward
Forward Time % Phy DF OF
1 Cal Clutterbuck 60 1 4 0
2 Jamie Arniel 40 1 4 0
Penalty Kill - 3 Players Defense
Defense Defense Time % Phy DF OF
1 Oliver Ekman-Larsson Keith Aulie 60 1 4 0
2 Robert Hagg Justin Schultz 40 1 4 0
4 vs 4 Forward
Center Wing Time % Phy DF OF
1 Steven Stamkos Nikita Kucherov 60 1 2 2
2 Derek Stepan Jamie Benn 40 1 2 2
4 vs 4 Defense
Defense Defense Time % Phy DF OF
1 Oliver Ekman-Larsson Nick Leddy 60 1 2 2
2 Keith Aulie Oscar Klefbom 40 1 2 2
Last Minutes Offensive
Center Left Wing Right Wing Defense Defense
Steven Stamkos William Nylander Nikita Kucherov Oliver Ekman-Larsson Nick Leddy
Last Minutes Defensive
Center Left Wing Right Wing Defense Defense
Jamie Arniel Brandon Tanev Cal Clutterbuck Oliver Ekman-Larsson Keith Aulie
Goaltenders
Starting : Andrei Vasilevskiy
Backup : Viktor Fasth
Extra Forwards
Normal : Steven Stamkos, Derek Stepan, Jamie Arniel - PP : Steven Stamkos, Derek Stepan - PK : Joe Colborne
Extra Defensemen
Normal : Oliver Ekman-Larsson, Justin Schultz, Robert Hagg - PP : Nick Leddy - PK : Oliver Ekman-Larsson, Justin Schultz
Penalty Shots
Steven Stamkos, Derek Stepan, Nikita Kucherov, Marcus Foligno, William Nylander
Scratches
Josh Jooris (Healthy), Paul Stastny (Healthy)
Canucks
5 vs 5 Forward
Center Left Wing Right Wing Time % Phy DF OF
1 Robert Nilsson Kyle Clifford Marcus Johansson 55 2 3 0
2 Brandon Sutter Derick Brassard Sam Gagner 30 2 3 0
3 Gilbert Brule Jujhar Khaira Josh Bailey 10 2 3 0
4 Maxim Talbot Daniel Carcillo Kyle Clifford 5 2 3 0
5 vs 5 Defense
Defense Defense Time % Phy DF OF
1 Drew Doughty Hampus Lindholm 55 2 3 0
2 Tyler Myers Michael Kostka 30 2 3 0
3 Ben Lovejoy Josh Gorges 10 1 4 0
4 Brandon Burlon Drew Doughty 5 2 3 0
PowerPlay Forward
Center Left Wing Right Wing Time % Phy DF OF
1 Robert Nilsson Kyle Clifford Marcus Johansson 60 1 2 2
2 Brandon Sutter Derick Brassard Sam Gagner 40 1 2 2
PowerPlay Defense
Defense Defense Time % Phy DF OF
1 Drew Doughty Hampus Lindholm 60 1 2 2
2 Brandon Burlon Michael Kostka 40 1 2 2
Penalty Kill 4 Players Forward
Center Wing Time % Phy DF OF
1 Kyle Clifford Robert Nilsson 60 1 2 2
2 Derick Brassard Brandon Sutter 40 1 2 2
Penalty Kill 4 Players Defense
Defense Defense Time % Phy DF OF
1 Drew Doughty Tyler Myers 60 1 2 2
2 Hampus Lindholm Michael Kostka 40 1 2 2
Penalty Kill - 3 Players Forward
Forward Time % Phy DF OF
1 Kyle Clifford 60 1 2 2
2 Robert Nilsson 40 1 2 2
Penalty Kill - 3 Players Defense
Defense Defense Time % Phy DF OF
1 Drew Doughty Tyler Myers 60 1 2 2
2 Hampus Lindholm Michael Kostka 40 1 2 2
4 vs 4 Forward
Center Wing Time % Phy DF OF
1 Kyle Clifford Robert Nilsson 60 1 2 2
2 Derick Brassard Brandon Sutter 40 1 2 2
4 vs 4 Defense
Defense Defense Time % Phy DF OF
1 Drew Doughty Tyler Myers 60 1 2 2
2 Hampus Lindholm Michael Kostka 40 1 2 2
Last Minutes Offensive
Center Left Wing Right Wing Defense Defense
Robert Nilsson Kyle Clifford Marcus Johansson Drew Doughty Hampus Lindholm
Last Minutes Defensive
Center Left Wing Right Wing Defense Defense
Robert Nilsson Kyle Clifford Marcus Johansson Drew Doughty Tyler Myers
Goaltenders
Starting : Alexandar Georgiev
Backup : Matt Hackett
Extra Forwards
Normal : Gilbert Brule, Jujhar Khaira, Daniel Carcillo - PP : Gilbert Brule, Jujhar Khaira - PK : Daniel Carcillo
Extra Defensemen
Normal : Ben Lovejoy, Josh Gorges, Brandon Burlon - PP : Ben Lovejoy - PK : Josh Gorges, Brandon Burlon
Penalty Shots
Kyle Clifford, Robert Nilsson, Derick Brassard, Brandon Sutter, Marcus Johansson
Scratches
None
% Time on Ice - Penguins
Lines # - Real PCT - Wanted PCT - Time Play
Normal Forward
1 - 34% - 40% - 15:32
2 - 28% - 30% - 12:50
3 - 19% - 20% - 8:45
4 - 19% - 10% - 8:45
Normal Defense
1 - 41% - 40% - 19:00
2 - 29% - 30% - 13:13
3 - 28% - 20% - 12:53
4 - 2% - 10% - 0:46
PP Forward
1 - 52% - 60% - 4:07
2 - 48% - 40% - 3:49
PP Defense
1 - 45% - 60% - 3:36
2 - 55% - 40% - 4:20
PK Forward
1 - 69% - 60% - 3:30
2 - 31% - 40% - 1:33
PK Defense
1 - 62% - 60% - 3:07
2 - 38% - 40% - 1:56
PK3 Forward
1 - 0% - 60%
2 - 0% - 40%
PK3 Defense
1 - 0% - 60%
2 - 0% - 40%
44 Forward
1 - 0% - 60%
2 - 0% - 40%
44 Defense
1 - 0% - 60%
2 - 0% - 40%
Last Minute Offensive - 1:09
Last Minute Defensive - 0:00
Total
Forward - 60:00
Defense - 60:00
|
% Time on Ice - Canucks
Lines # - Real PCT - Wanted PCT - Time Play
Normal Forward
1 - 33% - 55% - 15:04
2 - 31% - 30% - 14:04
3 - 24% - 10% - 11:12
4 - 12% - 5% - 5:33
Normal Defense
1 - 36% - 55% - 16:41
2 - 34% - 30% - 15:44
3 - 25% - 10% - 11:22
4 - 5% - 5% - 2:06
PP Forward
1 - 43% - 60% - 2:10
2 - 57% - 40% - 2:53
PP Defense
1 - 59% - 60% - 2:59
2 - 41% - 40% - 2:04
PK Forward
1 - 76% - 60% - 6:04
2 - 24% - 40% - 1:52
PK Defense
1 - 59% - 60% - 4:43
2 - 41% - 40% - 3:13
PK3 Forward
1 - 0% - 60%
2 - 0% - 40%
PK3 Defense
1 - 0% - 60%
2 - 0% - 40%
44 Forward
1 - 0% - 60%
2 - 0% - 40%
44 Defense
1 - 0% - 60%
2 - 0% - 40%
Last Minute Offensive - 0:00
Last Minute Defensive - 1:08
Total
Forward - 60:00
Defense - 60:00
|
Play-by-Play
1st period
0:01 of 1st period - Nikita Kucherov wins face-off versus Robert Nilsson in neutral zone.
0:57 of 1st period - Snap shot by Jujhar Khaira.
0:57 of 1st period - Stopped by Andrei Vasilevskiy with a rebound.
0:59 of 1st period - Snap shot by Jujhar Khaira.
0:59 of 1st period - Shot Blocked by Marcus Foligno.
1:57 of 1st period - Gilbert Brule is hit by Derek Stepan and loses puck.
2:48 of 1st period - Slapshot by Oliver Ekman-Larsson.
2:48 of 1st period - Stopped by Alexandar Georgiev without a rebound.
2:49 of 1st period - Steven Stamkos wins face-off versus Robert Nilsson in Canucks zone.
3:44 of 1st period - Snap shot by Gilbert Brule.
3:44 of 1st period - Stopped by Andrei Vasilevskiy with a rebound.
4:00 of 1st period - Tyler Myers is hit by Robert Hagg and loses puck.
4:15 of 1st period - Brandon Sutter is hit by Andy Andreoff and loses puck.
4:38 of 1st period - Wrist shot by Gilbert Brule.
4:38 of 1st period - Shot Blocked by Jamie Arniel.
4:44 of 1st period - Gilbert Brule is hit by Jamie Arniel and loses puck.
5:53 of 1st period - Minor Penalty to Joe Colborne for Hooking.
5:54 of 1st period - Jamie Arniel wins face-off versus Brandon Sutter in Penguins zone.
5:54 of 1st period - Jamie Arniel is hit by Sam Gagner.
6:07 of 1st period - Robert Hagg is hit by Derick Brassard and loses puck.
6:34 of 1st period - Snap shot by Marcus Johansson.
6:34 of 1st period - Shot Misses the Net.
7:53 of 1st period - Penalty to Joe Colborne is over, Joe Colborne is back on ice.
8:16 of 1st period - Wrist shot by Joe Colborne.
8:16 of 1st period - Goal by Joe Colborne - Penguins : 1 - Canucks : 0.
8:17 of 1st period - Brandon Sutter wins face-off versus Steven Stamkos in neutral zone.
8:30 of 1st period - Snap shot by Nikita Kucherov.
8:30 of 1st period - Stopped by Alexandar Georgiev without a rebound.
8:31 of 1st period - Robert Nilsson wins face-off versus Steven Stamkos in Canucks zone.
8:42 of 1st period - Snap shot by Marcus Johansson.
8:42 of 1st period - Deflect By Robert Nilsson.
8:42 of 1st period - Stopped by Andrei Vasilevskiy with a rebound.
8:44 of 1st period - Wrist shot by Marcus Johansson.
8:44 of 1st period - Shot Blocked by William Nylander.
9:22 of 1st period - Backhand shot by Steven Stamkos.
9:22 of 1st period - Shot Hit the Post.
9:24 of 1st period - Minor Penalty to Tyler Myers for Slashing.
9:25 of 1st period - Kyle Clifford wins face-off versus Jamie Benn in Canucks zone.
10:37 of 1st period - Jamie Benn is hit by Brandon Burlon and loses puck.
11:24 of 1st period - Penalty to Tyler Myers is over, Tyler Myers is back on ice.
11:33 of 1st period - Jujhar Khaira is hit by Nick Leddy and loses puck.
12:05 of 1st period - Snap shot by Kyle Clifford.
12:05 of 1st period - Shot Misses the Net.
13:24 of 1st period - Daniel Carcillo is hit by Nikita Kucherov and loses puck.
13:32 of 1st period - Icing by Tyler Myers.
13:33 of 1st period - Brandon Sutter wins face-off versus Derek Stepan in Canucks zone.
13:33 of 1st period - Brandon Sutter is hit by Cal Clutterbuck.
14:13 of 1st period - Brandon Tanev is hit by Josh Bailey and loses puck.
16:07 of 1st period - Snap shot by Oliver Ekman-Larsson.
16:07 of 1st period - Shot Blocked by Hampus Lindholm.
16:09 of 1st period - Slapshot by Nick Leddy.
16:09 of 1st period - Shot Blocked by Robert Nilsson.
16:11 of 1st period - Snap shot by Nikita Kucherov.
16:11 of 1st period - Stopped by Alexandar Georgiev without a rebound.
16:12 of 1st period - William Nylander wins face-off versus Robert Nilsson in Canucks zone.
16:25 of 1st period - Wrist shot by Steven Stamkos.
16:25 of 1st period - Stopped by Alexandar Georgiev with a rebound.
17:13 of 1st period - Slapshot by Marcus Johansson.
17:13 of 1st period - Shot Misses the Net.
17:15 of 1st period - Backhand shot by Tyler Myers.
17:15 of 1st period - Deflect By Robert Nilsson.
17:15 of 1st period - Stopped by Andrei Vasilevskiy with a rebound.
17:27 of 1st period - Wrist shot by Steven Stamkos.
17:27 of 1st period - Shot Blocked by Marcus Johansson.
17:47 of 1st period - Snap shot by Steven Stamkos.
17:47 of 1st period - Stopped by Alexandar Georgiev with a rebound.
18:21 of 1st period - Snap shot by Marcus Johansson.
18:21 of 1st period - Shot Misses the Net.
18:23 of 1st period - Slapshot by Tyler Myers.
18:23 of 1st period - Shot Blocked by Nikita Kucherov.
18:25 of 1st period - Backhand shot by Tyler Myers.
18:25 of 1st period - Stopped by Andrei Vasilevskiy with a rebound.
18:27 of 1st period - Slapshot by Michael Kostka.
18:27 of 1st period - Stopped by Andrei Vasilevskiy without a rebound.
18:28 of 1st period - Brandon Sutter wins face-off versus Derek Stepan in Penguins zone.
18:44 of 1st period - Minor Penalty to Derek Stepan for Roughing.
18:45 of 1st period - Brandon Sutter wins face-off versus Cal Clutterbuck in Penguins zone.
18:53 of 1st period - Snap shot by Derick Brassard.
18:53 of 1st period - Shot Blocked by Keith Aulie.
18:55 of 1st period - Slapshot by Hampus Lindholm.
18:55 of 1st period - Stopped by Andrei Vasilevskiy with a rebound.
18:57 of 1st period - Slapshot by Hampus Lindholm.
18:57 of 1st period - Stopped by Andrei Vasilevskiy without a rebound.
18:58 of 1st period - Brandon Sutter wins face-off versus Jamie Arniel in Penguins zone.
19:47 of 1st period - Snap shot by Josh Bailey.
19:47 of 1st period - Goal by Josh Bailey - Penguins : 1 - Canucks : 1.
19:48 of 1st period - Brandon Sutter wins face-off versus Derek Stepan in neutral zone.
19:51 of 1st period - Slapshot by Hampus Lindholm.
19:51 of 1st period - Stopped by Andrei Vasilevskiy with a rebound.
Goals for this period are 1 for Penguins vs 1 for Canucks.
Shots for this period are 6 for Penguins vs 10 for Canucks.
2nd period
0:01 of 2nd period - Robert Nilsson wins face-off versus Derek Stepan in neutral zone.
0:04 of 2nd period - Slapshot by Hampus Lindholm.
0:04 of 2nd period - Shot Blocked by Oliver Ekman-Larsson.
0:06 of 2nd period - Wrist shot by Robert Nilsson.
0:06 of 2nd period - Shot Blocked by Oliver Ekman-Larsson.
0:08 of 2nd period - Snap shot by Drew Doughty.
0:08 of 2nd period - Goal by Drew Doughty - Penguins : 1 - Canucks : 2.
0:09 of 2nd period - Derek Stepan wins face-off versus Robert Nilsson in neutral zone.
0:36 of 2nd period - Brandon Sutter is hit by Nikita Kucherov and loses puck.
1:16 of 2nd period - Josh Gorges is hit by Joe Colborne and loses puck.
1:21 of 2nd period - Snap shot by Joe Colborne.
1:21 of 2nd period - Stopped by Alexandar Georgiev without a rebound.
1:22 of 2nd period - Derek Stepan wins face-off versus Robert Nilsson in Canucks zone.
1:25 of 2nd period - Wrist shot by Jamie Benn.
1:25 of 2nd period - Shot Misses the Net.
1:39 of 2nd period - Snap shot by Cal Clutterbuck.
1:39 of 2nd period - Shot Blocked by Hampus Lindholm.
2:19 of 2nd period - Wrist shot by Jujhar Khaira.
2:19 of 2nd period - Shot Misses the Net.
2:21 of 2nd period - Wrist shot by Jujhar Khaira.
2:21 of 2nd period - Shot Misses the Net.
2:54 of 2nd period - Wrist shot by Oliver Ekman-Larsson.
2:54 of 2nd period - Deflect By Derick Brassard.
2:54 of 2nd period - Stopped by Alexandar Georgiev with a rebound.
3:45 of 2nd period - Slapshot by Marcus Foligno.
3:45 of 2nd period - Shot Misses the Net.
3:47 of 2nd period - Slapshot by Nick Leddy.
3:47 of 2nd period - Shot Misses the Net.
3:49 of 2nd period - Slapshot by Oliver Ekman-Larsson.
3:49 of 2nd period - Deflect By Hampus Lindholm.
3:49 of 2nd period - Stopped by Alexandar Georgiev with a rebound.
4:19 of 2nd period - Snap shot by Nikita Kucherov.
4:19 of 2nd period - Shot Misses the Net.
4:21 of 2nd period - Slapshot by Derek Stepan.
4:21 of 2nd period - Stopped by Alexandar Georgiev with a rebound.
5:24 of 2nd period - Drew Doughty is hit by William Nylander and loses puck.
5:57 of 2nd period - Jujhar Khaira is hit by Joe Colborne.
6:01 of 2nd period - Wrist shot by Gilbert Brule.
6:01 of 2nd period - Shot Misses the Net.
6:36 of 2nd period - Michael Kostka is hit by Brandon Tanev.
7:10 of 2nd period - Minor Penalty to Ben Lovejoy for Roughing.
7:11 of 2nd period - Steven Stamkos wins face-off versus Kyle Clifford in Canucks zone.
7:28 of 2nd period - Wrist shot by Steven Stamkos.
7:28 of 2nd period - Stopped by Alexandar Georgiev without a rebound.
7:29 of 2nd period - Kyle Clifford wins face-off versus Derek Stepan in Canucks zone.
7:44 of 2nd period - Snap shot by Marcus Foligno.
7:44 of 2nd period - Shot Misses the Net.
8:54 of 2nd period - Robert Nilsson is hit by William Nylander and loses puck.
9:05 of 2nd period - Derek Stepan is hit by Drew Doughty and loses puck.
9:10 of 2nd period - Penalty to Ben Lovejoy is over, Ben Lovejoy is back on ice.
9:24 of 2nd period - Ben Lovejoy is hit by Joe Colborne.
9:38 of 2nd period - Jamie Arniel is hit by Brandon Sutter and loses puck.
10:16 of 2nd period - Minor Penalty to Andy Andreoff for Hooking.
10:17 of 2nd period - Jamie Arniel wins face-off versus Robert Nilsson in Penguins zone.
12:15 of 2nd period - Robert Hagg is hit by Derick Brassard and loses puck.
12:16 of 2nd period - Penalty to Andy Andreoff is over, Andy Andreoff is back on ice.
14:10 of 2nd period - Snap shot by Derek Stepan.
14:10 of 2nd period - Shot Misses the Net.
14:25 of 2nd period - Robert Hagg is hit by Drew Doughty.
14:27 of 2nd period - Slapshot by Marcus Foligno.
14:27 of 2nd period - Shot Misses the Net.
14:54 of 2nd period - Josh Bailey is hit by Mats Zuccarello and loses puck.
16:17 of 2nd period - Robert Hagg is hit by Drew Doughty and loses puck.
17:15 of 2nd period - Snap shot by Steven Stamkos.
17:15 of 2nd period - Goal by Steven Stamkos - Penguins : 2 - Canucks : 2.
17:16 of 2nd period - Brandon Sutter wins face-off versus Steven Stamkos in neutral zone.
17:39 of 2nd period - Minor Penalty to Derick Brassard for Tripping.
17:40 of 2nd period - Nikita Kucherov wins face-off versus Kyle Clifford in Canucks zone.
19:39 of 2nd period - Penalty to Derick Brassard is over, Derick Brassard is back on ice.
Goals for this period are 1 for Penguins vs 1 for Canucks.
Shots for this period are 6 for Penguins vs 1 for Canucks.
3rd period
0:01 of 3rd period - Robert Nilsson wins face-off versus Steven Stamkos in neutral zone.
0:04 of 3rd period - Snap shot by Kyle Clifford.
0:04 of 3rd period - Stopped by Andrei Vasilevskiy with a rebound.
0:18 of 3rd period - Robert Nilsson is hit by Nick Leddy and loses puck.
0:35 of 3rd period - Slapshot by Derick Brassard.
0:35 of 3rd period - Shot Misses the Net.
0:51 of 3rd period - Wrist shot by Josh Bailey.
0:51 of 3rd period - Shot Blocked by Marcus Foligno.
1:43 of 3rd period - Michael Kostka is hit by Steven Stamkos and loses puck.
1:54 of 3rd period - Wrist shot by Brandon Sutter.
1:54 of 3rd period - Stopped by Andrei Vasilevskiy with a rebound.
1:56 of 3rd period - Wrist shot by Kyle Clifford.
1:56 of 3rd period - Stopped by Andrei Vasilevskiy without a rebound.
1:57 of 3rd period - Robert Nilsson wins face-off versus Derek Stepan in Penguins zone.
2:04 of 3rd period - Wrist shot by Robert Nilsson.
2:04 of 3rd period - Shot Misses the Net.
2:29 of 3rd period - Snap shot by Nikita Kucherov.
2:29 of 3rd period - Deflect By Steven Stamkos.
2:29 of 3rd period - Shot Blocked by Gilbert Brule.
2:29 of 3rd period - Puck is out of play.
2:30 of 3rd period - Derek Stepan wins face-off versus Robert Nilsson in Canucks zone.
2:33 of 3rd period - Wrist shot by Jamie Benn.
2:33 of 3rd period - Stopped by Alexandar Georgiev with a rebound.
2:41 of 3rd period - Wrist shot by Marcus Johansson.
2:41 of 3rd period - Stopped by Andrei Vasilevskiy with a rebound.
2:43 of 3rd period - Slapshot by Michael Kostka.
2:43 of 3rd period - Stopped by Andrei Vasilevskiy with a rebound.
2:45 of 3rd period - Slapshot by Tyler Myers.
2:45 of 3rd period - Shot Misses the Net.
3:27 of 3rd period - Snap shot by Jujhar Khaira.
3:27 of 3rd period - Stopped by Andrei Vasilevskiy with a rebound.
3:40 of 3rd period - Off-side.
3:41 of 3rd period - Robert Nilsson wins face-off versus Nikita Kucherov in neutral zone.
4:08 of 3rd period - Derick Brassard is hit by Derek Stepan.
4:16 of 3rd period - Wrist shot by Brandon Sutter.
4:16 of 3rd period - Stopped by Andrei Vasilevskiy with a rebound.
4:53 of 3rd period - Slapshot by Nikita Kucherov.
4:53 of 3rd period - Shot Misses the Net.
6:11 of 3rd period - Tyler Myers is hit by Oliver Ekman-Larsson and loses puck.
6:40 of 3rd period - Off-side.
6:41 of 3rd period - Gilbert Brule wins face-off versus Joe Colborne in neutral zone.
7:06 of 3rd period - Snap shot by Ben Lovejoy.
7:06 of 3rd period - Shot Blocked by Robert Hagg.
7:08 of 3rd period - Slapshot by Ben Lovejoy.
7:08 of 3rd period - Shot Blocked by Robert Hagg.
7:10 of 3rd period - Slapshot by Ben Lovejoy.
7:10 of 3rd period - Stopped by Andrei Vasilevskiy with a rebound.
7:12 of 3rd period - Slapshot by Ben Lovejoy.
7:12 of 3rd period - Shot Blocked by Justin Schultz.
7:14 of 3rd period - Slapshot by Kyle Clifford.
7:14 of 3rd period - Shot Blocked by Steven Stamkos.
7:16 of 3rd period - Slapshot by Robert Nilsson.
7:16 of 3rd period - Shot Blocked by Justin Schultz.
7:18 of 3rd period - Slapshot by Josh Gorges.
7:18 of 3rd period - Shot Blocked by William Nylander.
7:30 of 3rd period - Drew Doughty is hit by Jamie Benn and loses puck.
7:45 of 3rd period - Jamie Benn is hit by Sam Gagner and loses puck.
8:06 of 3rd period - Snap shot by Joe Colborne.
8:06 of 3rd period - Stopped by Alexandar Georgiev with a rebound.
8:08 of 3rd period - Snap shot by Mats Zuccarello.
8:08 of 3rd period - Stopped by Alexandar Georgiev without a rebound.
8:09 of 3rd period - Nikita Kucherov wins face-off versus Robert Nilsson in Canucks zone.
8:16 of 3rd period - Wrist shot by Marcus Johansson.
8:16 of 3rd period - Stopped by Andrei Vasilevskiy with a rebound.
8:22 of 3rd period - Snap shot by Kyle Clifford.
8:22 of 3rd period - Shot Blocked by Nikita Kucherov.
8:28 of 3rd period - Michael Kostka is hit by Nikita Kucherov and loses puck.
9:10 of 3rd period - Maxim Talbot is hit by Oliver Ekman-Larsson and loses puck.
9:29 of 3rd period - Brandon Sutter is hit by Oscar Klefbom and loses puck.
9:55 of 3rd period - Wrist shot by Steven Stamkos.
9:55 of 3rd period - Stopped by Alexandar Georgiev with a rebound.
10:26 of 3rd period - Snap shot by Jamie Arniel.
10:26 of 3rd period - Stopped by Alexandar Georgiev with a rebound.
10:48 of 3rd period - Michael Kostka is hit by Nikita Kucherov and loses puck.
11:10 of 3rd period - Kyle Clifford is hit by Jamie Benn and loses puck.
11:25 of 3rd period - Minor Penalty to Derek Stepan for Roughing.
11:26 of 3rd period - Brandon Sutter wins face-off versus Jamie Arniel in Penguins zone.
11:27 of 3rd period - Snap shot by Derick Brassard.
11:27 of 3rd period - Goal by Derick Brassard - Penguins : 2 - Canucks : 3.
11:28 of 3rd period - Robert Nilsson wins face-off versus Steven Stamkos in neutral zone.
12:00 of 3rd period - Nick Leddy is hit by Michael Kostka and loses puck.
12:38 of 3rd period - Snap shot by Kyle Clifford.
12:38 of 3rd period - Shot Misses the Net.
12:40 of 3rd period - Wrist shot by Kyle Clifford.
12:40 of 3rd period - Stopped by Andrei Vasilevskiy with a rebound.
12:56 of 3rd period - Snap shot by Steven Stamkos.
12:56 of 3rd period - Shot Blocked by Drew Doughty.
13:20 of 3rd period - Hampus Lindholm is hit by Cal Clutterbuck and loses puck.
13:55 of 3rd period - Wrist shot by Oliver Ekman-Larsson.
13:55 of 3rd period - Stopped by Alexandar Georgiev with a rebound.
14:01 of 3rd period - Slapshot by Sam Gagner.
14:01 of 3rd period - Shot Misses the Net.
14:03 of 3rd period - Snap shot by Brandon Sutter.
14:03 of 3rd period - Stopped by Andrei Vasilevskiy with a rebound.
14:13 of 3rd period - Wrist shot by Kyle Clifford.
14:13 of 3rd period - Shot Misses the Net.
14:15 of 3rd period - Slapshot by Robert Nilsson.
14:15 of 3rd period - Shot Blocked by Nick Leddy.
14:47 of 3rd period - Slapshot by Oscar Klefbom.
14:47 of 3rd period - Stopped by Alexandar Georgiev with a rebound.
15:00 of 3rd period - Off-side.
15:01 of 3rd period - Maxim Talbot wins face-off versus Joe Colborne in neutral zone.
15:15 of 3rd period - Minor Penalty to Maxim Talbot for Roughing.
15:16 of 3rd period - Kyle Clifford wins face-off versus William Nylander in Canucks zone.
15:24 of 3rd period - Backhand shot by Oscar Klefbom.
15:24 of 3rd period - Shot Blocked by Tyler Myers.
16:08 of 3rd period - Michael Kostka is hit by Steven Stamkos and loses puck.
16:23 of 3rd period - Justin Schultz is hit by Hampus Lindholm and loses puck.
17:15 of 3rd period - Penalty to Maxim Talbot is over, Maxim Talbot is back on ice.
19:18 of 3rd period - Penguins, Andrei Vasilevskiy is pulled from the net.
19:48 of 3rd period - Slapshot by Steven Stamkos.
19:48 of 3rd period - Stopped by Alexandar Georgiev with a rebound.
Goals for this period are 0 for Penguins vs 1 for Canucks.
Shots for this period are 8 for Penguins vs 12 for Canucks.